 Dungeon Crawl Stone Soup version 0.29-a0-6-ga859fcf985 (webtiles) character file.

Game seed: 4366174968557148509

25 Jannitor the Skirmisher (level 3, -1/34 HPs)
             Began as a Hill Orc Delver on Jan 27, 2022.
             Slain by Natasha (6 damage)
             ... on level 2 of the Dungeon.
             The game lasted 00:01:44 (675 turns).

Jannitor the Skirmisher (Hill Orc Delver)            Turns: 675, Time: 00:01:45

Health: -1/34      AC:  5    Str: 16    XL:     3   Next: 6%
Magic:  3/3        EV: 11    Int: 10    God:
Gold:   52         SH:  0    Dex: 12    Spells: 2/2 levels left

rFire   . . .      SeeInvis .   a - +0 mace
rCold   . . .      Faith    .   (no shield)
rNeg    . . .      Spirit   .   b - +0 leather armour
rPois   .          Reflect  .   i - +0 helmet
rElec   .          Harm     .   h - +0 cloak
rCorr   .          Rampage  .   (no gloves)
Will    .....                   (no boots)
Stlth   ++........              (no amulet)
HPRegen 0.11/turn               (no ring)
MPRegen 0.08/turn               (no ring)

@: brilliant, slowed, very slow
A: no striking features
a: no special abilities


You were on level 2 of the Dungeon.
You visited 1 branch of the dungeon, and saw 4 of its levels.

You collected 52 gold pieces.

Inventory:

Hand Weapons
 a - a +0 mace (weapon)
 e - a +0 dagger of venom
Missiles
 l - 6 boomerangs (quivered)
Armour
 b - a +0 leather armour (worn)
 h - a +0 cloak (worn)
 i - a +0 helmet (worn)
Wands
 g - a wand of digging (3)
Scrolls
 c - a scroll of fog
 d - a scroll of magic mapping
 j - a scroll of amnesia {unknown}
 k - a scroll of teleportation {unknown}


   Skills:
 + Level 4.3 Fighting
 + Level 3.1 Maces & Flails
 - Level 1.5 Dodging
 - Level 4.1 Stealth


You had 2 spell levels left.
You didn't know any spells.
Your spell library contained the following spells:

 Spells                   Type           Power      Damage    Failure   Level
 Ensorcelled Hibernation  Hex/Ice        0%         N/A       56%         2
 Passwall                 Tmut/Erth      0%         N/A       56%         2
 Swiftness                Air            0%         N/A       80%         3


Dungeon Overview and Level Annotations

Branches:
Dungeon (5/15)
 Temple: D:4-7

Altars:
Okawaru

Annotations:
D:2 Natasha


Message History

You sock Natasha!
Natasha is severely wounded.
Natasha claws you!
You closely miss Natasha.
Natasha is severely wounded.
Natasha casts a spell at you. The magic dart hits you.
You barely miss Natasha.
Natasha is severely wounded.
Natasha casts a spell at you.
You feel yourself slow down.
You barely miss Natasha.
Natasha is severely wounded.
Natasha stares at you and mumbles some strange words.
The magic dart hits you! Natasha claws you.
* * * LOW HITPOINT WARNING * * *
You are too injured to fight recklessly!
You closely miss Natasha.
Natasha is severely wounded.
Natasha claws you but does no damage.
Natasha drinks a potion.
Natasha is healed!
It was a potion of brilliance.
You feel clever all of a sudden.
Natasha stares at you and mumbles some strange words.
The magic dart hits you.
* * * LOW HITPOINT WARNING * * *
Natasha claws you.
* * * LOW HITPOINT WARNING * * *
You hit Natasha.
Natasha is moderately wounded.
Natasha claws you.
* * * LOW HITPOINT WARNING * * *
Okay, then.
Unknown command.
You completely miss Natasha.
Natasha is moderately wounded.
Natasha casts a spell at you.
You feel as though you will be slow longer.
Natasha claws you.
You die...

# #.#
#.###.#.
#.#....
#.#.#.#..
........ ...
..# #h# #.#
#@# #.#
#.###.#
#.....##
##...>.##
#.......#
#..!..#####.#
#####. .# #.
# ..


You could see Natasha.

Vanquished Creatures
  Robin (D:3)
  An endoplasm (D:3)
  9 goblins (D:3)
  A hobgoblin (D:3)
12 creatures vanquished.

Notes
Turn   | Place    | Note
-------+----------+-------------------------------------------
     0 | D:5      | Jannitor the Hill Orc Delver began the quest for the Orb.
     0 | D:5      | Reached XP level 1. HP: 19/19 MP: 1/1
    74 | D:4      | Noticed an iguana
   325 | D:3      | Noticed Robin
   341 | D:3      | Reached XP level 2. HP: 20/27 MP: 2/2
   363 | D:3      | Killed Robin
   371 | D:3      | Reached XP level 3. HP: 6/34 MP: 3/3
   633 | D:3      | Found an iron altar of Okawaru.
   661 | D:2      | Noticed Natasha
   675 | D:2      | Slain by Natasha

Illustrated notes

Levels and vault maps discovered:
D:2:      layout_loops_corners, shapermc_ecumenical_altar_mp_urbaneastern,
          uniq_jessica, uniq_natasha
D:3:      layout_basic, okawaru_ov_weapons_minmay, serial_shops,
          nicolae_shop_hallway_plus, uniq_ijyb, uniq_robin, uniq_terence
D:4:      layout_cave_pods, nicolae_stop_n_shop_2
D:5:      layout_loops_ring, marbit_many_paths

Skill      XL: |  1  2 |
---------------+-------+-----
Fighting       | 4 |  4.3
Maces & Flails | 3 |  3.1
Dodging        | |  1.5
Stealth        | |  4.1

Action                   || total
-------------------------++-------
Melee: Mace              ||    29
       Dagger            ||     4
Throw: Boomerang         ||    10
  Use: Potion            ||     3
       Scroll            ||     1
 Stab: Sleeping          ||     1
Armor: Leather armour    ||     8
Dodge: Dodged            ||    14

Table legend: (Time is in decaauts)
 A = Elapsed time spent in this place.
 B = Non-inter-level travel time spent in this place.
 C = Inter-level travel time spent in this place.
 D = Time resting spent in this place.
 E = Time spent auto-exploring this place.
 F = Levels seen in this place.
 G = Mean time per level.
                   A        B        C        D        E       F      G
               +--------+--------+--------+--------+--------+-----+--------+
         Total |    667 |    667 |      0 |    379 |     93 |   4 |  166.8 |
       Dungeon |    667 |    667 |      0 |    379 |     93 |   4 |  166.8 |
               +--------+--------+--------+--------+--------+-----+--------+

Top non-repeatable levels by time:
     D:3: 539 daAuts
     D:5: 73 daAuts
     D:2: 29 daAuts
     D:4: 26 daAuts
